 Dungeon Crawl Stone Soup version 0.29-a0-824-gd827844252 (webtiles) character file.

Game seed: 16746270313606867738

4 megeza the Charlatan (level 1, -3/15 HPs)
             Began as a Human Artificer on July 10, 2022.
             Succumbed to a goblin's poison
             ... on level 2 of the Dungeon.
             The game lasted 00:02:58 (377 turns).

megeza the Charlatan (Human Artificer)               Turns: 377, Time: 00:02:58

Health: -3/15      AC:  5    Str: 12    XL:     1   Next: 77%
Magic:  1/1        EV: 10    Int: 11    God:
Gold:   21         SH:  0    Dex: 13    Spells: 0/0 levels left

rFire   . . .      SeeInvis .   k - +0 club
rCold   . . .      Faith    .   (no shield)
rNeg    . . .      Spirit   .   f - +0 ring mail
rPois   .          Reflect  .   (no helmet)
rElec   .          Harm     .   (no cloak)
rCorr   .          Rampage  .   (no gloves)
Will    .....                   (no boots)
Stlth   +.........              (no amulet)
HPRegen 0.05/turn               (no ring)
MPRegen 0.07/turn               (no ring)

@: lethally poisoned (-3 -> -22)
A: no striking features
a: no special abilities


You were on level 2 of the Dungeon.
You visited 1 branch of the dungeon, and saw 2 of its levels.

You collected 21 gold pieces.

Inventory:

Hand Weapons
 a - a +0 club
 k - a +0 club (weapon)
Missiles
 i - 6 atropa-tipped darts
Armour
 b - a +0 leather armour
 f - a +0 ring mail (worn)
Wands
 c - a wand of flame (15) (quivered)
 d - a wand of charming (15)
 e - a wand of iceblast (9)
Scrolls
 g - a scroll of identify {unknown}
 j - a scroll of noise {unknown}
Potions
 h - a potion of flight {unknown}


   Skills:
 + Level 1.0 Fighting
 + Level 2.1 Armour
 + Level 1.0 Dodging
 + Level 1.0 Stealth
 + Level 3.2 Evocations


You couldn't memorise any spells.
You didn't know any spells.
Your spell library was empty.

Dungeon Overview and Level Annotations

Branches:
Dungeon (2/15)

Altars:


Message History

Where to? (? - help)
Okay, then.
You see here a hobgoblin corpse.
You see here a ball python corpse.
There is an open door here.
There is an open door here.
There is a stone staircase leading down here.
You climb downwards.
Found a club.
There is a stone staircase leading up here.
You see here a +0 club.
Okay, then.
k - a +0 club
There are no items here.
There are no items here.
k - a +0 club (weapon)
There is a stone staircase leading up here.
A goblin comes into view. It is wielding a +1 dagger of venom.
The goblin shouts!
You miss the goblin. The goblin closely misses you.
You barely miss the goblin. The goblin misses you.
The goblin hits you but does no damage.
You are poisoned.
You barely miss the goblin.
You feel very sick.
The goblin hits you with a +1 dagger of venom.
You are lethally poisoned!
You closely miss the goblin.
You feel very sick. The goblin hits you but does no damage.
You miss the goblin.
* * * LOW HITPOINT WARNING * * *
You feel very sick.
The goblin hits you with a +1 dagger of venom.
* * * LOW HITPOINT WARNING * * *
You are more poisoned.
The goblin completely misses you.
You hit the goblin.
The goblin is moderately wounded.
You die...

## #. #.
#.###
#####.#...
#@g...#..##
#.#####...#
#.# ##..#
#.#####...#
#......<..#
###########


You could see a goblin.

Vanquished Creatures
  A giant cockroach (D:1)
  A hobgoblin (D:1)
  3 ball pythons (D:1)
5 creatures vanquished.

Vanquished Creatures (others)
  2 plants (D:1)
2 creatures vanquished.

Grand Total: 7 creatures vanquished

Notes
Turn   | Place    | Note
-------+----------+-------------------------------------------
     0 | D:1      | megeza the Human Artificer began the quest for the Orb.
     0 | D:1      | Reached XP level 1. HP: 15/15 MP: 1/1
   377 | D:2      | Succumbed to a goblin's poison

Illustrated notes

Levels and vault maps discovered:
D:1:      sevenhm_arrival_forest_fort_large_4, layout_loops_cross,
          minmay_tromino_v4_a
D:2:      minmay_general_purpose_star, layout_basic,
          hellmonk_ecumenical_altar_inner_sanctum, st_stairs_5,
          minmay_misc_feat_more_columns, columned_hall_lemuel, fountainhead

Action                   || total
-------------------------++-------
Melee: Club              ||    71
       Punch             ||     3
Armor: Ring mail         ||    15
Dodge: Dodged            ||    16

Table legend: (Time is in decaauts)
 A = Elapsed time spent in this place.
 B = Non-inter-level travel time spent in this place.
 C = Inter-level travel time spent in this place.
 D = Time resting spent in this place.
 E = Time spent auto-exploring this place.
 F = Levels seen in this place.
 G = Mean time per level.
                   A        B        C        D        E       F      G
               +--------+--------+--------+--------+--------+-----+--------+
         Total |    397 |    397 |      0 |      0 |      0 |   2 |  198.5 |
       Dungeon |    397 |    397 |      0 |      0 |      0 |   2 |  198.5 |
               +--------+--------+--------+--------+--------+-----+--------+

Top non-repeatable levels by time:
     D:1: 366 daAuts
     D:2: 30 daAuts
